 Dungeon Crawl Stone Soup version 0.27.0-65-ge2af304b15 (webtiles) character file.

Game seed: 13951908716408741222

1230 Malachi the Chopper (level 8, 0/65 HPs)
             Began as a Palentonga Monk on Aug 19, 2021.
             Was a Priest of Wu Jian.
             Slain by Edmund (3 damage)
             ... on level 5 of the Dungeon.
             The game lasted 00:08:01 (5495 turns).

Malachi the Chopper (Palentonga Monk)               Turns: 5495, Time: 00:08:01

Health: 0/65       AC: 20    Str: 16    XL:     8   Next: 24%
Magic:  8/8        EV:  8    Int: 11    God:    Wu Jian [***...]
Gold:   245        SH:  0    Dex: 13    Spells: 7/7 levels left

rFire    . . .     SeeInvis +   a - +1 hand axe
rCold    . . .     Faith    .   (no shield)
rNeg     . . .     Spirit   .   f - +0 scale mail
rPois    .         Reflect  .   d - +2 helmet
rElec    .         Harm     .   (no cloak)
rCorr    .         Rampage  .   k - +2 pair of gloves
Will     .....                  (no barding)
Stlth    +.........             (no amulet)
HPRegen  0.20/turn              (no ring)
MPRegen  0.11/turn              (no ring)

@: very slightly contaminated, invisible, serpent's lash, curled up
A: large, rugged brown scales 3, see invisible, deformed body, roll 1, armoured
tail, reflexive curl
a: Rolling Charge, Renounce Religion, Wall Jump, Serpent's Lash


You were on level 5 of the Dungeon.
You worshipped Wu Jian.
Wu Jian was most pleased with you.
You visited 1 branch of the dungeon, and saw 5 of its levels.

You collected 245 gold pieces.

Inventory:

Hand Weapons
 a - a +1 hand axe (weapon)
 n - a +0 club
Missiles
 c - 25 poisoned darts
Armour
 d - a +2 helmet (worn)
 f - a +0 scale mail (worn)
 k - a +2 pair of gloves (worn)
Jewellery
 l - a ring of resist corrosion
Wands
 o - a wand of digging (4)
 p - a wand of paralysis (5)
Scrolls
 q - a scroll of identify
Potions
 g - 7 potions of curing
 j - a potion of resistance {unknown}
 m - a potion of mutation {unknown}


   Skills:
 + Level 4.6 Fighting
 + Level 7.4 Axes
 + Level 3.7 Armour
 + Level 3.4 Dodging
 + Level 1.8 Stealth
 + Level 1.3 Evocations


You had 7 spell levels left.
You didn't know any spells.
Your spell library contained the following spells:

 Spells                   Type           Power      Damage    Failure   Level
 Pain                     Necr           0%         1d4       77%         1
 Gell's Gravitas          Tloc           0%         N/A       98%         3
 Lesser Beckoning         Tloc           0%         N/A       98%         3
 Summon Guardian Golem    Hex/Summ       0%         N/A       98%         3
 Teleport Other           Tloc           0%         N/A       98%         3
 Leda's Liquefaction      Hex/Erth       0%         N/A       100%        4
 Agony                    Necr           0%         N/A       100%        5
 Bolt of Magma            Conj/Fire/Erth 0%         4d4       100%        5
 Excruciating Wounds      Necr           0%         N/A       100%        5
 Statue Form              Tmut/Erth      0%         N/A       100%        6
 Orb of Destruction       Conj           0%         N/A       100%        7
 Spellforged Servitor     Conj/Summ      0%         N/A       100%        7


Dungeon Overview and Level Annotations

Branches:
Dungeon (5/15)             Temple (0/1) D:4

Altars:
Ashenzari
Cheibriados
Kikubaaqudgha
Okawaru
Wu Jian
Yredelemnul

Shops:
D:4 :

Annotations:
D:5 2 runed translucent doors, Edmund


Innate Abilities, Weirdness & Mutations

You are completely covered in rugged brown scales. (AC +3, +7% HP)
You have supernaturally acute eyesight. (SInv)
Armour fits poorly on your strangely shaped body.
You can roll at nearby foes to attack.
You have a long armoured tail.
You curl defensively after being hit.


Message History

You hit Edmund.
Edmund is lightly wounded.
Edmund closely misses you.
You strike the helpless Edmund from behind!
You hit Edmund.
Edmund is lightly wounded.
You closely miss Edmund.
Edmund is lightly wounded.
Edmund barely misses you.
You closely miss Edmund. You tail-slap Edmund.
Edmund is moderately wounded.
You slash Edmund!
Edmund is moderately wounded.
Edmund closely misses you.
You closely miss Edmund.
Edmund is moderately wounded.
Edmund hits you with a +3 vorpal flail!
You are too injured to fight recklessly!
You are too injured to fight recklessly!
You are too injured to fight recklessly!
You are too injured to fight recklessly!
You are too injured to fight recklessly!
You are too injured to fight recklessly!
You hit Edmund but do no damage.
Your tail-slap misses Edmund.
Edmund is moderately wounded.
Edmund hits you with a +3 vorpal flail.
You barely miss Edmund.
Edmund is moderately wounded.
Edmund hits you with a +3 vorpal flail.
Your muscles tense, ready for explosive movement...
You hit Edmund.
Your tail-slap misses Edmund.
Edmund is heavily wounded.
Edmund says, "I might not be good at magic, but I can still kill you!"
Edmund hits you with a +3 vorpal flail!
* * * LOW HITPOINT WARNING * * *
x2 You hit Edmund but do no damage.
Edmund is heavily wounded.
Edmund hits you with a +3 vorpal flail!
* * * LOW HITPOINT WARNING * * *
You die...

.##. #.# . .. ##
#.# .## #.# .# ##.#
..# #.# .# .#.# #.#
#.# .# ...# #.# #.#
.# ...###.# ##.##
.#
....##.####...###.#
................@@#
.....######...#####
...#.# ##..# ..##.#
##.# .###.# #.#
####.# #<# .....#
#.# ###### #.# #.#


You could see Edmund.

Vanquished Creatures
  Sigmund (D:4)
  Duvessa (D:5)
  An ogre (D:5)
  A centaur (D:5)
  2 scorpions
  Dowan (D:5)
  A water moccasin zombie (D:5)
  6 killer bees (D:5)
  A bullfrog zombie (D:5)
  A jelly (D:4)
  An iron imp (D:3)
  A scorpion zombie (D:5)
  Ijyb (D:4)
  2 hound skeletons (D:4)
  Robin (D:2)
  A gnoll (D:4)
  5 adders
  A white imp (D:5)
  An ufetubus (D:5)
  An adder skeleton (D:4)
  2 dart slugs
  An orc (D:4)
  2 bat skeletons (D:3)
  3 bat zombies (D:3)
  5 endoplasms
  3 giant cockroaches
  12 goblins
  8 hobgoblins
  4 jackals
  3 quokkas
  8 ball pythons
  4 bats
  6 kobolds
  6 rats
98 creatures vanquished.

Notes
Turn   | Place    | Note
-------+----------+-------------------------------------------
     0 | D:1      | Malachi the Palentonga Monk began the quest for the Orb.
     0 | D:1      | Reached XP level 1. HP: 19/19 MP: 1/1
    77 | D:1      | Reached XP level 2. HP: 7/25 MP: 2/2
   961 | D:2      | Noticed Robin
   968 | D:2      | Reached XP level 3. HP: 27/31 MP: 3/3
   975 | D:2      | HP: 1/31 [goblin[Robin] (5)]
   994 | D:2      | Killed Robin
  1288 | D:2      | Found a faded altar of an unknown god.
  1374 | D:2      | Became a worshipper of the Wu Jian Council
  1374 | D:2      | Reached * piety under Wu Jian
  1374 | D:2      | Reached ** piety under Wu Jian
  1638 | D:2      | Reached XP level 4. HP: 32/37 MP: 4/4
  2121 | D:3      | Reached skill level 4 in Axes
  2295 | D:3      | Reached *** piety under Wu Jian
  2579 | D:3      | Found an ancient bone altar of Kikubaaqudgha.
  2870 | D:3      | Found a snail-covered altar of Cheibriados.
  2883 | D:3      | Reached skill level 1 in Armour
  3051 | D:4      | Reached XP level 5. HP: 44/44 MP: 5/5
  3074 | D:4      | Found a basalt altar of Yredelemnul.
  3206 | D:4      | Noticed Sigmund
  3217 | D:4      | Killed Sigmund
  3218 | D:4      | Reached skill level 5 in Axes
  3218 | D:4      | Reached XP level 6. HP: 21/51 MP: 6/6
  3535 | D:4      | Found a staircase to the Ecumenical Temple.
  3577 | D:4      | Noticed Ijyb
  3582 | D:4      | Killed Ijyb
  4031 | D:4      | Found Gixzoile's Book Emporium.
  4200 | D:5      | Entered Level 5 of the Dungeon
  4250 | D:5      | Found a broken altar of Ashenzari.
  4305 | D:5      | Found an iron altar of Okawaru.
  4382 | D:5      | Gained mutation: You curl defensively after being hit.
                  | [Palentonga growth]
  4382 | D:5      | Reached XP level 7. HP: 57/57 MP: 7/7
  4401 | D:5      | Reached skill level 6 in Axes
  4452 | D:5      | Noticed Duvessa
  4453 | D:5      | Noticed Dowan
  4476 | D:5      | Killed Duvessa
  4477 | D:5      | Killed Dowan
  4729 | D:5      | Found a large runed translucent door.
  4729 | D:5      | Found a large runed translucent door.
  5004 | D:5      | Reached XP level 8. HP: 38/65 MP: 8/8
  5006 | D:5      | Reached skill level 7 in Axes
  5012 | D:5      | Reached skill level 1 in Evocations
  5479 | D:5      | Noticed Edmund
  5495 | D:5      | HP: 3/65 [Edmund (11)]
  5495 | D:5      | Slain by Edmund

Illustrated notes

Levels and vault maps discovered:
D:1:      amcnicky_arrival_blooded_trapdoor, layout_rooms, minmay_pentomino_x2
D:2:      layout_basic, hellmonk_ecumenical_altar_inner_sanctum,
          amcnicky_mini_pool_small, uniq_robin
D:3:      layout_loops_ring, kennysheep_vampire_church, slow_altar_2,
          amcnicky_mini_corridor_feature, minivault_26
D:4:      layout_rooms, nicolae_overflow_crystal_walls,
          minmay_temple_entry_mini_moons, serial_shops, shop,
          minmay_starry_boxes, uniq_ijyb, uniq_sigmund
D:5:      layout_loops_ring, cheibrodos_ashenzari_chains,
          mainiacjoe_overflow_catwalk, jmf_multi_god_temple2, uniq_edmund,
          uniq_duvessa

Skill      XL: |  1  2  3  4  5  6  7  8 |
---------------+-------------------------+-----
Axes           | 4 5 6 7 |  7.4
Armour         | 1 2 3 |  3.7
Dodging        | 3 |  3.4
Fighting       | 4 |  4.6
Evocations     | 1 |  1.3
Stealth        | |  1.8

Action                   |  1- 3 |  4- 6 |  7- 9 || total
-------------------------+-------+-------+-------++-------
Melee: Hand axe          |   108 |   161 |   105 ||   374
       Tailslap          |    16 |    28 |    10 ||    54
Invok: Lunge             |       |     4 |     1 ||     5
       Serpent's Lash    |       |     2 |     2 ||     4
       Whirlwind         |       |     4 |       ||     4
 Abil: Wall Jump         |     2 |     2 |     1 ||     5
       Rolling Charge    |       |    10 |     4 ||    14
Evoke: Wand              |       |     3 |    17 ||    20
  Use: Scroll            |     1 |     6 |     1 ||     8
       Potion            |     2 |     1 |     5 ||     8
 Stab: Invisible         |       |       |     2 ||     2
Armor: Robe              |    22 |       |       ||    22
       Scale mail        |    32 |   116 |    48 ||   196
       Skin              |       |       |    38 ||    38
Dodge: Dodged            |    63 |    71 |    47 ||   181
